 Dungeon Crawl Stone Soup version 0.24.0-1-gfbc8707 (webtiles) character file.

Game seed: 2965424974436769371, levelgen mode: deterministic

9952 qdestroyer the Cleaver (level 11, -2/101 HPs)
             Began as a Minotaur Berserker on Nov 4, 2019.
             Was a High Priest of Trog.
             Slain by a death yak (6 damage)
             ... on level 9 of the Dungeon.
             The game lasted 00:16:38 (7556 turns).

qdestroyer the Cleaver (Minotaur Berserker)         Turns: 7556, Time: 00:16:41

Health: -2/101     AC: 17    Str: 25    XL:     11   Next: 29%
Magic:  0/10       EV: 10    Int:  4    God:    Trog [*****.]
Gold:   463        SH:  5    Dex: 10    Spells: 10/10 levels left

rFire    . . .     SeeInvis .   b - +1 hand axe (elec)
rCold    + . .     Gourm    .   f - +0 buckler
rNeg     . . .     Faith    .   u - +1 plate armour {rC+}
rPois    +         Spirit   +   (helmet restricted)
rElec    .         Reflect  .   g - scarf {Spirit}
rCorr    .         Harm     .   (no gloves)
MR       ++...                  z - +0 pair of boots
Stlth    ..........             (no amulet)
HPRegen  1.26/turn              r - ring of poison resistance
MPRegen  0.12/turn              v - ring of stealth

@: berserk cooldown, regenerating, slowed, very slow
A: retaliatory headbutt, horns 2
a: Berserk, Trog's Hand, Brothers in Arms, Renounce Religion


You were on level 9 of the Dungeon.
You worshipped Trog.
Trog was extremely pleased with you.
You were not hungry.

You visited 1 branch of the dungeon, and saw 9 of its levels.

You collected 463 gold pieces.

Inventory:

Hand Weapons
 b - a +1 hand axe of electrocution (weapon)
 y - the +7 flail of Impatience {elec, rPois, unknown}
   (You found it on level 7 of the Dungeon)

   Occasionally, upon striking a foe, it will discharge some electrical energy
   and cause terrible harm.
   It protects you from poison.
Armour
 f - a +0 buckler (worn)
 g - a scarf of spirit shield (worn)
 u - a +1 plate armour of cold resistance (worn)
 z - a +0 pair of boots (worn)
Jewellery
 r - a ring of poison resistance (left hand)
 t - an uncursed amulet of rage {unknown}
 v - a ring of stealth (right hand)
Wands
 a - a wand of flame (9)
 q - a wand of polymorph (7)
Scrolls
 h - 5 scrolls of remove curse
 i - 2 scrolls of blinking
 l - 4 scrolls of magic mapping
 n - 6 scrolls of teleportation
 p - 3 scrolls of enchant armour
 A - a scroll of enchant weapon
Potions
 d - 5 potions of haste
 e - 2 potions of agility
 j - 3 potions of magic
 k - 2 potions of mutation
 m - 3 potions of lignification
 o - 5 potions of curing
 s - 3 potions of heal wounds
 w - a potion of flight
 B - a potion of resistance {unknown}
 E - a potion of cancellation {unknown}
Comestibles
 c - 13 rations
 x - 10 chunks of flesh


   Skills:
 + Level 10.5 Fighting
 + Level 13.5 Axes
 + Level 10.5 Armour
 + Level 6.2 Dodging
 + Level 4.9 Shields


You had 10 spell levels left.
You didn't know any spells.
Your spell library was empty.

Dungeon Overview and Level Annotations

Branches:
Dungeon (9/15)             Temple (0/1) D:6
   Lair: D:8-11         Orc: D:9-12

Altars:
Ashenzari
Cheibriados
Dithmenos
Elyvilon
Fedhas
Kikubaaqudgha
Makhleb
Nemelex Xobeh
Trog
Zin


Innate Abilities, Weirdness & Mutations

You reflexively headbutt those who attack you in melee.
You have a pair of horns on your head.


Message History

The orc wizard seems to speed up.
You see here 23 stones.
You eat one of the 14 rations.
That ration really hit the spot!
The orc misses you. The death yak gores you!
The death yak gores you but does no damage.
An ogre comes into view. It is wielding a +0 giant club.
Your skin crawls.
You feel resistant to hostile enchantments.
You feel somewhat more hungry. The death yak gores you!
The death yak closely misses you. The death yak gores you!!
* * * LOW HITPOINT WARNING * * *
The death yak barely misses you. You furiously retaliate!
You headbutt the death yak, but do no damage.
Your ogre goes berserk!
You feel quite a bit more hungry.
The death yak gores you but does no damage.
The death yak gores you!
* * * LOW HITPOINT WARNING * * *
The death yak gores you.
You die...

### #.## #.# ##.####
#### ........ ...
.##.#... #.## #.##.#...
#O#### #.......#
#.Y..## #.####.##
#oY@..######.####.#
#.##.............|#
#...O†##.######.......#
.......###.# #..#.##.#
....... #.# #.......#
....... #.# #.##†##.#
#..#### ... #.##)##.#
#.# ... #.##)##.# #.
#.......#


You could see 2 death yaks, an ogre, an orc wizard and a friendly ogre
(berserk).

Vanquished Creatures
  Harold (D:8)
  A two-headed ogre (D:8)
  6 death yaks (D:9)
  Pikel (D:5)
  A polar bear (shapeshifter) (D:9)
  Grinder (D:6)
  A hippogriff (D:8)
  A spriggan (D:7)
  Eustachio (D:6)
  2 wyverns (D:9)
  A water moccasin (D:9)
  3 orc warriors
  3 sky beasts
  4 slaves (D:5)
  A black bear (D:7)
  2 necrophages
  2 centaurs
  2 ogres (D:4)
  3 bullfrogs
  A wyvern skeleton (D:8)
  A scorpion (D:4)
  5 wights (D:8)
  2 howler monkeys (D:7)
  A bullfrog zombie (D:8)
  5 crimson imps
  5 hounds
  10 orc priests
  A gnoll shaman (D:6)
  2 centaur skeletons
  3 jellies
  10 orc wizards
  4 iguanas
  Jessica (D:2)
  2 worker ants (D:4)
  A hound skeleton (D:4)
  12 gnolls
  A worker ant zombie (D:8)
  A howler monkey skeleton (D:7)
  7 adders
  2 adder zombies
  An adder skeleton (D:8)
  3 worms
  3 dart slugs
  5 leopard geckos
  48 orcs
  11 bats
  6 giant cockroaches
  6 goblins
  5 hobgoblins
  14 jackals
  8 kobolds
  6 quokkas
  5 frilled lizards
  A quokka skeleton (D:4)
  6 rats
242 creatures vanquished.

Notes
Turn   | Place    | Note
-------+----------+-------------------------------------------
     0 | D:1      | qdestroyer the Minotaur Berserker began the quest for the
                  | Orb.
     0 | D:1      | Reached XP level 1. HP: 19/19 MP: 0/0
    38 | D:1      | Reached XP level 2. HP: 23/27 MP: 1/1
   168 | D:1      | Reached skill level 4 in Axes
   373 | D:2      | Reached XP level 3. HP: 31/33 MP: 2/2
   642 | D:2      | Reached XP level 4. HP: 41/41 MP: 3/3
   741 | D:2      | Found a snail-covered altar of Cheibriados.
   831 | D:2      | Reached ** piety under Trog
  1014 | D:2      | Noticed Jessica
  1019 | D:2      | Killed Jessica
  1019 | D:2      | Reached skill level 5 in Axes
  1520 | D:3      | Reached skill level 5 in Fighting
  1520 | D:3      | Reached XP level 5. HP: 44/48 MP: 4/4
  1554 | D:3      | Found a shattered altar of Ashenzari.
  1962 | D:3      | Found a bloodstained altar of Trog.
  2189 | D:3      | Reached *** piety under Trog
  2635 | D:4      | Reached skill level 6 in Axes
  2740 | D:4      | Found a shadowy altar of Dithmenos.
  2900 | D:4      | Reached XP level 6. HP: 56/56 MP: 5/5
  2995 | D:4      | Reached skill level 7 in Axes
  3135 | D:4      | Reached XP level 7. HP: 61/61 MP: 6/6
  3233 | D:4      | Reached skill level 1 in Shields
  3691 | D:5      | Entered Level 5 of the Dungeon
  3929 | D:5      | Reached skill level 8 in Axes
  4313 | D:5      | Reached skill level 5 in Dodging
  4324 | D:5      | Found a blossoming altar of Fedhas.
  4458 | D:5      | Found a sparkling altar of Nemelex Xobeh.
  4458 | D:5      | Noticed Pikel
  4474 | D:5      | Killed Pikel
  4474 | D:5      | Reached skill level 9 in Axes
  4474 | D:5      | Reached skill level 5 in Armour
  4474 | D:5      | Reached XP level 8. HP: 71/71 MP: 7/7
  4844 | D:6      | Found an ancient bone altar of Kikubaaqudgha.
  4848 | D:6      | Reached **** piety under Trog
  5137 | D:6      | Found a white marble altar of Elyvilon.
  5172 | D:6      | Noticed Eustachio
  5224 | D:6      | Killed Eustachio
  5247 | D:6      | Found a staircase to the Ecumenical Temple.
  5269 | D:6      | Reached XP level 9. HP: 72/79 MP: 8/8
  5804 | D:6      | Noticed Grinder
  5819 | D:6      | Killed Grinder
  5819 | D:6      | Reached skill level 10 in Axes
  5976 | D:7      | Found a sparkling altar of Nemelex Xobeh.
  6088 | D:7      | Got an iridescent flail
  6466 | D:8      | Reached skill level 11 in Axes
  6626 | D:8      | Got a clouded lead ring
  6699 | D:8      | Found a burning altar of Makhleb.
  6699 | D:8      | Found a glowing silver altar of Zin.
  6699 | D:8      | Noticed Harold
  6700 | D:8      | Noticed an angel
  6700 | D:8      | Noticed a blizzard demon
  6705 | D:8      | Killed Harold
  6705 | D:8      | Reached XP level 10. HP: 90/90 MP: 9/9
  6730 | D:8      | Noticed a two-headed ogre
  6737 | D:8      | Killed a two-headed ogre
  6909 | D:8      | Reached skill level 12 in Axes
  7060 | D:8      | Reached ***** piety under Trog
  7288 | D:8      | Identified the ring "Beudyonu" {Ice -Tele Int+3 SInv} (You
                  | found it on level 8 of the Dungeon)
  7518 | D:9      | Noticed a death yak
  7522 | D:9      | Noticed a death yak
  7527 | D:9      | Killed a death yak
  7528 | D:9      | Noticed a death yak
  7529 | D:9      | Noticed a death yak
  7531 | D:9      | Noticed a death yak
  7532 | D:9      | Killed a death yak
  7532 | D:9      | Reached skill level 10 in Armour
  7533 | D:9      | Noticed a death yak
  7533 | D:9      | Noticed a death yak
  7533 | D:9      | Noticed a death yak
  7539 | D:9      | Killed a death yak
  7539 | D:9      | Reached skill level 10 in Fighting
  7539 | D:9      | Reached skill level 13 in Axes
  7539 | D:9      | Reached XP level 11. HP: 99/99 MP: 10/10
  7542 | D:9      | Killed a death yak
  7546 | D:9      | Killed a death yak
  7551 | D:9      | Killed a death yak
  7556 | D:9      | HP: 4/101 [death yak (14)]
  7556 | D:9      | Slain by a death yak

Levels and vault maps discovered:
D:1:      eino_arrival_druids_welcome, layout_rooms
D:2:      wad_crossroads, layout_loops_ring, kennysheep_slug_shrine,
          serial_forest, infiniplex_forest_straight_3,
          infiniplex_forest_lined_room_, infiniplex_forest_straight_2,
          infiniplex_forest_lined_2, infiniplex_forest_clump_tiny,
          infiniplex_forest_zigzag_2, infiniplex_forest_zigzag_2,
          palyth_stone_intersect, uniq_jessica
D:3:      layout_basic, old_standard_altar, bloody_trog,
          kennysheep_generic_room_6
D:4:      layout_layer_cave, lemuel_doored_altar, minmay_strange_pillars,
          dk_noncrumbling_4, minmay_circle_x
D:5:      layout_basic, nicolae_overflow_crystal_walls, kennysheep_little_box,
          first_ration, uniq_pikel
D:6:      layout_loops_ring, kiku_gazebo_pond_becter, elyvilon_altar_5,
          minmay_temple_entry_stoned_glass, corexii_item_surrounded_by_moat,
          hangedman_abyss_or_decor_stabs, minmay_misc_feat_four_crosses,
          uniq_grinder, uniq_eustachio
D:7:      layout_gridville, the_bakery, minmay_misc_feat_roman,
          minmay_misc_feat_more_columns, nemelex_spade_bored_becter
D:8:      layout_basic, grunt_temple_overflow_order_and_chaos_2, uniq_harold
D:9:      layout_loops_cross, eat_drink_and_be_merry_uskayaw, kennysheep_mini,
          vehumet_statue, dpeg_lair_monsters, lemuel_tele_altar

Skill      XL: |  1  2  3  4  5  6  7  8  9 10 |
---------------+-------------------------------+-----
Fighting       | 4 5 6 7 8 10 | 10.5
Axes           | 4 5 6 7 9 11 13 | 13.5
Dodging        | 3 4 5 6 |  6.2
Shields        | 2 3 4 |  4.9
Armour         | 5 6 8 10 | 10.5

Action                   |  1- 3 |  4- 6 |  7- 9 | 10-12 || total
-------------------------+-------+-------+-------+-------++-------
Melee: Hand axe          |    44 |   148 |   307 |   137 ||   636
       Headbutt          |     5 |    23 |    59 |    34 ||   121
Invok: Berserk           |     1 |     2 |     6 |     2 ||    11
       Trog's Hand       |       |     1 |     5 |     1 ||     7
       Brothers in Arms  |       |       |       |     1 ||     1
  Use: Scroll            |     5 |     6 |     9 |     3 ||    23
 Stab: Sleeping          |     1 |       |       |       ||     1
  Eat: Chunk             |       |     6 |     9 |     1 ||    16
       Ration            |       |     1 |     3 |     2 ||     6
Armor: Animal skin       |    11 |    31 |       |       ||    42
       Ring mail         |       |       |    13 |       ||    13
       Plate armour      |       |       |   105 |    43 ||   148
Dodge: Dodged            |    40 |    86 |   109 |    35 ||   270
Block: Buckler           |       |     8 |    39 |    14 ||    61
